 Dungeon Crawl Stone Soup version 0.31-a0-819-gf6de2f5ab6 (webtiles) character file.

Game seed: 14528591254316301111

1419 qw the Skirmisher (level 8, -5/51 HPs)
             Began as a Gargoyle Hunter on Sept 23, 2023.
             Was a Follower of Okawaru.
             Shot with an arrow by a centaur (11 damage)
             ... on level 7 of the Dungeon.
             The game lasted 00:03:01 (6864 turns).

qw the Skirmisher (Gargoyle Hunter)                 Turns: 6864, Time: 00:03:01

Health: -5/51      AC: 13    Str: 15    XL:     8   Next: 71%
Magic:  9/10       EV: 14    Int: 10    God:    Okawaru [*.....]
Gold:   61         SH:  0    Dex: 15    Spells: 7/7 levels left

rFire   . . .        Y - +1 orcbow
rCold   . . .        (shield currently unavailable)
rNeg    + . .        d - +0 ring mail
rPois   inf          (no helmet)
rElec   +            h - +0 cloak
rCorr   .            (no gloves)
SInv    .            (no boots)
Will    .....        c - amulet of the acrobat
Stlth   +++          (no ring)
HPRegen 0.28/turn    (no ring)
MPRegen 0.12/turn

%: acrobat
@: heroic
A: sickness immunity, AC +5, negative energy resistance 1, electricity
resistance, torment resistance 1, petrification resistance
a: Renounce Religion, Heroism


You were on level 7 of the Dungeon.
You worshipped Okawaru.
Okawaru was aware of your devotion.
You visited 2 branches of the dungeon, and saw 8 of its levels.

You collected 418 gold pieces.
You spent 357 gold pieces at shops.


Innate Abilities, Weirdness & Mutations

You are immune to sickness and miasma.
Your stone body is resilient. (AC +5)
You are immune to poison.
You resist negative energy. (rN+)
You are resistant to electric shocks. (rElec)
You are resistant to unholy torment.
You are immune to petrification.


   Skills:
 - Level 6.0(11.0) Fighting
 + Level 9.1(14.1) Ranged Weapons
 - Level 2.1(7.1) Armour
 - Level 2.2(7.2) Dodging
 - Level 1.1(6.1) Stealth
 + Level 2.6 Invocations


You had 7 spell levels left.
You didn't know any spells.
Your spell library was empty.

Inventory:

Hand Weapons
 Y - a +1 orcbow (weapon)
Armour
 d - a +0 ring mail (worn)
 h - a +0 cloak (worn)
Jewellery
 c - an amulet of the acrobat (around neck)
Scrolls
 a - 3 scrolls of identify
Potions
 b - a potion of might
 f - 3 potions of enlightenment
 g - 2 potions of mutation
 i - a potion of heal wounds

Dungeon Overview and Level Annotations

Branches:
Dungeon (7/15)             Temple (1/1) D:4

Altars:
Ashenzari
Cheibriados
Dithmenos
Elyvilon
Fedhas
Hepliaklqana
Kikubaaqudgha
Makhleb
Nemelex Xobeh
Okawaru
Qazlal
Ru
Sif Muna
Trog
Uskayaw
Vehumet
Wu Jian
Xom
Yredelemnul
Zin
The Shining One

Shops:
D:2 ?   D:5 *

Annotations:
D:7 Menkaure


Message History

Menkaure is heavily damaged.
You shoot an arrow. The arrow hits Menkaure.
Menkaure is heavily damaged.
An orc priest comes into view. It is wielding a +0 club.
Menkaure calls on the powers of darkness!
Your body is wracked with pain!
You shoot an arrow. The arrow hits the orc priest.
The orc priest is heavily wounded.
A centaur comes into view.
You shoot an arrow.
The arrow closely misses the orc priest.
The centaur shouts!
You shoot an arrow. The arrow barely misses the orc priest.
An ogre comes into view. It is wielding a +0 giant spiked club.
6861 |||
Found retreat position at 2,-3 (ogre; floor) with 0 blocking monsters and 1 monsters attacking at destination at distance 3 x2
6861 ||| RETREEAATING.
An orc wizard comes into view. It is wielding a +0 dagger of speed.
6862 |||
Found retreat position at 1,-1 (ogre; floor) with 0 blocking monsters and 3 monsters attacking at destination at distance 1 You shoot an arrow.
The arrow barely misses the orc priest.
The orc wizard shouts!
The centaur wields a +0 shortbow.
The centaur shoots an arrow.
The arrow hits you! Menkaure casts a spell at you.
Pain shoots through your body!
The orc priest hits you but does no damage.
The ogre completely misses you.
6863 |||
Found retreat position at 1,-1 (ogre; floor) with 0 blocking monsters and 3 monsters attacking at destination at distance 1 You shoot an arrow.
The arrow closely misses the orc priest.
The centaur shoots an arrow.
The arrow hits you but does no damage. The orc priest closely misses you.
6864 |||
Found retreat position at 1,-1 (ogre; floor) with 0 blocking monsters and 3 monsters attacking at destination at distance 1 You shoot an arrow.
The arrow closely misses the orc priest.
The centaur shoots an arrow.
The arrow hits you!
The ogre hits you with a +0 giant spiked club.
The orc priest hits you with a +0 club.
Menkaure gestures at you while chanting.
Pain shoots through your body!
The centaur shoots an arrow.
The arrow hits you!
You die...

).. ####)# #.....
#.##.# #.##.#
#.##o#
#######'##O#
........o@.###.#
####(.........(..#
#...<.......###
#.....M####.#
#....c.+ ..
#......# ##
#......# #......#
#......#


You could see an ogre, Menkaure, a centaur, an orc priest and an orc wizard.

Vanquished Creatures
  An orc warrior (D:6)
  An ogre (D:4)
  2 phantoms
  A bullfrog (D:6)
  2 scorpions
  A gnoll bouda (D:4)
  2 orc priests (D:4)
  2 hounds
  Natasha (thrice) (D:3)
  11 orc wizards
  15 adders
  13 gnolls
  A white imp (D:6)
  An ufetubus (D:6)
  2 worms
  3 dart slugs
  34 orcs
  12 endoplasms
  2 giant cockroaches
  A goblin (D:1)
  7 hobgoblins
  3 jackals (D:1)
  A quokka (D:2)
  6 ball pythons
  6 bats
  3 frilled lizards
  4 kobolds
  7 rats
147 creatures vanquished.

Vanquished Creatures (others)
  An orc wizard (D:6)
1 creature vanquished.

Grand Total: 148 creatures vanquished

Notes
Turn   | Place    | Note
-------+----------+-------------------------------------------
     0 | D:1      | qw the Gargoyle Hunter began the quest for the Orb.
     0 | D:1      | Reached XP level 1. HP: 12/12 MP: 1/1
     0 | D:1      | 0 ||| qw: Version: 0.3-a-83-gcd0e7d8
     0 | D:1      | 0 ||| qw: Game counter: 1718
     0 | D:1      | 0 ||| qw: Melee chars always use a shield: true
     0 | D:1      | 0 ||| qw: God list: Okawaru
     0 | D:1      | 0 ||| qw: Allow faded altars: false
     0 | D:1      | 0 ||| qw: Do Orc after clearing Dungeon:15 true
     0 | D:1      | 0 ||| qw: Do second Lair branch before Depths: true
     0 | D:1      | 0 ||| qw: Lair rune preference: random
     0 | D:1      | 0 ||| qw: Goals: Normal
     0 | D:1      | 0 ||| PLANNING D:1-11
   125 | D:1      | Reached XP level 2. HP: 15/17 MP: 2/2
   298 | D:1      | You fall into a shaft and drop 1 floor!
   386 | D:2      | 386 ||| UPGRADING to +0 ring mail.
   396 | D:2      | 396 ||| DROPPING +0 leather armour.
   397 | D:2      | 397 ||| READING scroll labelled RUIMPO YJ ABI.
   398 | D:2      | 398 ||| DROPPING scroll of butterflies.
   405 | D:2      | 405 ||| STAIRDANCE
   553 | D:1      | Reached XP level 3. HP: 21/21 MP: 3/3
   604 | D:1      | Reached skill level 1 in Armour
  1231 | D:1      | 1231 ||| READING scroll labelled ZYNEAHEISI.
  1378 | D:2      | Reached skill level 5 in Ranged Weapons
  1394 | D:2      | Found Kuilesin's Magic Scroll Shop.
  1400 | D:2      | 1400 ||| BUYING 2 scrolls of identify (40 gold).
  1400 | D:2      | Bought 2 scrolls of identify for 40 gold pieces
  1400 | D:2      | 1400 ||| SHOPLISTING scroll of enchant weapon (75 gold,
                  | have 38).
  1400 | D:2      | 1400 ||| BUYING scroll of identify (20 gold).
  1400 | D:2      | Bought a scroll of identify for 20 gold pieces
  1400 | D:2      | 1400 ||| SHOPLISTING scroll of identify (20 gold, have 18).
  1400 | D:2      | 1400 ||| SHOPLISTING scroll of teleportation (30 gold, have
                  | 18).
  1601 | D:2      | Reached XP level 4. HP: 27/27 MP: 4/4
  1709 | D:2      | Reached skill level 3 in Fighting
  1723 | D:2      | 1723 ||| READING scroll labelled KUOT YPO ZUR.
  1724 | D:2      | 1724 ||| READING scroll labelled PUNKUA UTHEZI.
  1725 | D:2      | 1725 ||| READING scroll labelled DUNE ZUXINOLIP.
  1726 | D:2      | 1726 ||| DRINKING 2 amethyst potions.
  1727 | D:2      | 1727 ||| READING 5 scrolls of identify.
  1727 | D:2      | 1727 ||| IDENTIFYING fizzy yellow potion
  1728 | D:2      | 1728 ||| DROPPING potion of brilliance.
  1918 | D:3      | Noticed Natasha
  1925 | D:3      | Killed Natasha
  1926 | D:3      | Reached XP level 5. HP: 22/32 MP: 5/5
  2065 | D:3      | Noticed Natasha
  2073 | D:3      | Killed Natasha
  2074 | D:3      | Reached skill level 6 in Ranged Weapons
  2333 | D:3      | Found a faded altar of an unknown god.
  2510 | D:3      | Noticed Natasha
  2523 | D:3      | HP: 8/32 [Natasha (2)]
  2530 | D:3      | Killed Natasha
  2863 | D:3      | 2863 ||| DROPPING scarf of invisibility.
  2864 | D:3      | 2864 ||| UPGRADING to amulet of the acrobat.
  2869 | D:3      | 2869 ||| READING scroll labelled GADOQU BUKLO.
  2870 | D:3      | 2870 ||| READING 5 scrolls of identify.
  2870 | D:3      | 2870 ||| IDENTIFYING silvery potion
  2920 | D:4      | Found a staircase to the Ecumenical Temple.
  2921 | D:4      | 2921 ||| PLANNING TEMPLE
  2923 | D:4      | 2923 ||| STAIRDANCE
  2977 | D:4      | 2977 ||| STAIRDANCE
  2994 | D:3      | Reached XP level 6. HP: 16/38 MP: 6/6
  3087 | Temple   | Entered the Ecumenical Temple
  3088 | Temple   | 3088 ||| PLANNING D:1-11
  3275 | D:4      | Found a sparkling altar of Nemelex Xobeh.
  3327 | D:4      | Found an iron altar of Okawaru.
  3328 | D:4      | 3328 ||| PLANNING OKAWARU WORSHIP
  3328 | D:4      | 3328 ||| READING 4 scrolls of identify.
  3328 | D:4      | 3328 ||| IDENTIFYING black potion
  3332 | D:4      | Became a worshipper of Warmaster Okawaru
  3333 | D:4      | 3333 ||| PLANNING D:1-11
  3334 | D:4      | Found an ornate altar of the Wu Jian Council.
  3338 | D:4      | Found a hide-covered altar of Uskayaw.
  3338 | D:4      | Found a glowing silver altar of Zin.
  3339 | D:4      | Found a white marble altar of Elyvilon.
  3342 | D:4      | Found a glowing golden altar of the Shining One.
  3343 | D:4      | Found a burning altar of Makhleb.
  3432 | D:4      | 3432 ||| Stepping ~*~*~tactically~*~*~ (retreating).
  3445 | D:4      | HP: 7/38 [phantom (6)]
  3446 | D:4      | 3446 ||| DRINKING potion of heal wounds.
  3449 | D:4      | Reached skill level 7 in Ranged Weapons
  3491 | D:4      | 3491 ||| FLEEEEING.
  3497 | D:4      | Reached XP level 7. HP: 21/43 MP: 7/7
  3674 | D:4      | Found a broken altar of Ashenzari.
  4143 | D:4      | Reached skill level 8 in Ranged Weapons
  4433 | D:4      | 4433 ||| UPGRADING to +0 cloak.
  4438 | D:4      | 4438 ||| READING scroll labelled XICOUT RERPHI.
  4476 | D:5      | Entered Level 5 of the Dungeon
  4581 | D:5      | 4581 ||| RETREEAATING.
  4584 | D:5      | 4584 ||| Stepping ~*~*~tactically~*~*~ (retreating).
  4590 | D:5      | 4590 ||| Stepping ~*~*~tactically~*~*~ (retreating).
  4591 | D:5      | 4591 ||| Stepping ~*~*~tactically~*~*~ (retreating).
  4592 | D:5      | 4592 ||| Stepping ~*~*~tactically~*~*~ (retreating).
  4593 | D:5      | 4593 ||| Stepping ~*~*~tactically~*~*~ (retreating).
  4594 | D:5      | 4594 ||| Stepping ~*~*~tactically~*~*~ (retreating).
  4595 | D:5      | 4595 ||| Stepping ~*~*~tactically~*~*~ (retreating).
  4596 | D:5      | 4596 ||| STAIRDANCE
  4609 | D:4      | Reached * piety under Okawaru
  4661 | D:4      | 4661 ||| DROPPING ring of magical power.
  4662 | D:4      | 4662 ||| READING scroll labelled XOYK XEAH OHEIVUO.
  4665 | D:5      | 4665 ||| STAIRDANCE
  4667 | D:4      | 4667 ||| INVOKING Heroism.
  4726 | D:5      | 4726 ||| INVOKING Heroism.
  4727 | D:5      | 4727 ||| INVOKING Heroism.
  4728 | D:5      | 4728 ||| STAIRDANCE
  4751 | D:5      | 4751 ||| STAIRDANCE
  5041 | D:5      | Reached XP level 8. HP: 50/50 MP: 8/8
  5049 | D:5      | Found Yzeih's Assorted Antiques.
  5108 | D:5      | Found an ancient bone altar of Kikubaaqudgha.
  5109 | D:5      | Found a blossoming altar of Fedhas.
  5244 | D:5      | 5244 ||| READING 4 scrolls of identify.
  5244 | D:5      | 5244 ||| IDENTIFYING red potion
  5263 | D:6      | 5263 ||| STAIRDANCE
  5393 | D:6      | 5393 ||| INVOKING Heroism.
  5394 | D:6      | 5394 ||| STAIRDANCE
  5438 | D:6      | 5438 ||| STAIRDANCE
  5467 | D:6      | 5467 ||| STAIRDANCE
  5486 | D:6      | 5486 ||| STAIRDANCE
  5529 | D:6      | 5529 ||| STAIRDANCE
  5534 | D:6      | 5534 ||| STAIRDANCE
  5583 | D:6      | 5583 ||| STAIRDANCE
  5637 | D:6      | 5637 ||| STAIRDANCE
  5689 | D:6      | 5689 ||| STAIRDANCE
  5740 | D:6      | 5740 ||| STAIRDANCE
  5742 | D:6      | 5742 ||| STAIRDANCE
  5744 | D:5      | 5744 ||| DRINKING 3 potions of curing.
  5744 | D:5      | 5744 ||| (to cure confusion)
  5760 | D:6      | 5760 ||| STAIRDANCE
  5817 | D:6      | 5817 ||| STAIRDANCE
  5838 | D:6      | 5838 ||| STAIRDANCE
  5870 | D:6      | 5870 ||| STAIRDANCE
  5958 | D:6      | 5958 ||| STAIRDANCE
  6000 | D:6      | 6000 ||| STAIRDANCE
  6026 | D:6      | HP: 12/50 [orc warrior/+0 scimitar (10)]
  6027 | D:6      | 6027 ||| DRINKING potion of heal wounds.
  6030 | D:6      | 6030 ||| STAIRDANCE
  6080 | D:6      | 6080 ||| SWAPPING to +0 orcbow.
  6081 | D:6      | 6081 ||| DROPPING +0 shortbow.
  6195 | D:6      | 6195 ||| STAIRDANCE
  6249 | D:6      | Reached skill level 9 in Ranged Weapons
  6269 | D:6      | 6269 ||| DRINKING 2 potions of curing.
  6269 | D:6      | 6269 ||| (to cure confusion)
  6279 | D:6      | Reached skill level 1 in Invocations
  6438 | D:6      | 6438 ||| DRINKING potion of curing.
  6438 | D:6      | 6438 ||| (to cure confusion)
  6495 | D:6      | Reached skill level 6 in Fighting
  6541 | D:6      | 6541 ||| READING 5 scrolls of identify.
  6541 | D:6      | 6541 ||| IDENTIFYING viscous orange potion
  6550 | D:5      | 6550 ||| BUYING potion of mutation (264 gold).
  6550 | D:5      | Bought a potion of mutation for 264 gold pieces
  6550 | D:5      | 6550 ||| BUYING scroll labelled PIPHO WIUROLEMU (33 gold).
  6550 | D:5      | Bought a scroll labelled PIPHO WIUROLEMU for 33 gold pieces
  6550 | D:5      | 6550 ||| SHOPLISTING steel ring (165 gold, have 61).
  6550 | D:5      | 6550 ||| READING scroll labelled PIPHO WIUROLEMU.
  6551 | D:5      | 6551 ||| READING 4 scrolls of identify.
  6551 | D:5      | 6551 ||| IDENTIFYING murky dark potion
  6552 | D:5      | 6552 ||| DROPPING potion of invisibility.
  6814 | D:6      | 6814 ||| DROPPING amulet of guardian spirit.
  6853 | D:7      | Noticed Menkaure
  6854 | D:7      | 6854 ||| INVOKING Heroism.
  6861 | D:7      | 6861 ||| RETREEAATING.
  6864 | D:7      | HP: 6/51 [Menkaure/nerve-wracking pain (7)]
  6864 | D:7      | Shot with an arrow by a centaur

Levels and vault maps discovered:
D:1:      lemuel_arrival_river_ford, layout_basic, serial_corexii_hall,
          corexii_hall_statues_u, corexii_hall_statues_i,
          corexii_hall_statues_deadend, chequers_hall_statues_y,
          chequers_hall_statues_corner_a, chequers_hall_statues_y
D:2:      layout_basic, serial_shops, shop
D:3:      layout_basic, hellmonk_ecumenical_altar_leap_of_faith, uniq_natasha
D:4:      layout_basic, kennysheep_mini, marbit_many_paths, minitemple,
          minmay_temple_entry_sparse_star, hangedman_abyss_or_decor_stagger,
          nicolae_elevator_lobby_plus
D:5:      layout_cave_pools, grunt_temple_overflow_growth_and_decay,
          nicolae_take_the_stairs
D:6:      nicolae_cairo_tiling_large, layout_basic, kennysheep_small_spiral,
          minmay_a_box_with_orc_wizards_in_it
D:7:      layout_basic, uniq_menkaure
Temple:   hellmonk_temple_micro_hex

Skill      XL: |  1  2  3  4  5  6  7  8 |
---------------+-------------------------+-----
Armour         | 1 2 |  2.1
Ranged Weapons | 5 6 7 8 9 |  9.1
Fighting       | 3 4 5 6 |  6.0
Dodging        | 2 |  2.2
Invocations    | 2 |  2.6
Stealth        | |  1.1

Action                     |  1- 3 |  4- 6 |  7- 9 || total
---------------------------+-------+-------+-------++-------
   Fire: Shortbow          |   105 |   237 |   277 ||   619
         Orcbow            |       |       |   129 ||   129
 Invoke: Heroism           |       |       |     4 ||     4
    Use: Scroll            |     2 |     7 |     6 ||    15
         Potion            |       |     2 |     4 ||     6
 Armour: Leather armour    |    12 |       |       ||    12
         Ring mail         |    13 |   130 |   277 ||   420
  Dodge: Dodged            |    23 |    81 |   150 ||   254

Table legend:
 A = Non-vault XP
 B = Vault XP
 C = Vault XP percentage of total XP
 D = Non-vault monster count
 E = Vault monster count
 F = Vault count percentage of total count
                 A         B        C        D         E       F
            +---------+---------+-------+---------+---------+-------
      Total |    1816 |     212 |  10.5 |     140 |       7 |   4.8
            +---------+---------+-------+---------+---------+-------
        D:1 |      39 |       0 |   0.0 |      23 |       0 |   0.0
        D:2 |      60 |       0 |   0.0 |      19 |       0 |   0.0
        D:3 |     207 |      35 |  14.5 |      24 |       1 |   4.0
        D:4 |     685 |       2 |   0.3 |      35 |       1 |   2.8
        D:5 |     286 |       0 |   0.0 |      18 |       0 |   0.0
        D:6 |     533 |     175 |  24.7 |      19 |       5 |  20.8
        D:7 |       6 |       0 |   0.0 |       2 |       0 |   0.0
            +---------+---------+-------+---------+---------+-------
